Map: [ESL] Site Delta

Players

MaNa - Winner!

  • Race: Protoss Protoss
  • Spawn Location: 5:00

BattleB

  • Race: Terran Terran
  • Spawn Location: 11:00

Event: ESL SC2 Masters 2023 Winter (Regional)

VOD

Have the link to the VOD?

Description

Time

  • Played on: Nov. 2, 2023, 12:51 p.m.
  • Length: 11:25

All games in this series

Show
View Real Time Build Order
Export as new Build Order

MaNa Protoss - Winner!

Build Orders: 1 Gate Expand, Blink Stalkers 

Get SALT Encoding   

  12  0:00  Probe  
  13  0:12  Probe  
  14  0:16  Pylon  
  14  0:24  Probe (Chrono Boost)  
  15  0:35  Gateway  
  15  0:36  Probe (Chrono Boost)  
  16  0:44  Probe (Chrono Boost)  
  16  0:47  Assimilator  
  17  0:50  Probe  
  18  1:03  Probe  
  19  1:15  Probe  
  20  1:22  Zealot, Cybernetics Core  
  22  1:27  Probe  
  23  1:43  Nexus  
  23  1:49  Pylon  
  23  1:56  Assimilator  
  23  1:59  Warp Gate  
  23  2:04  Adept (Chrono Boost)  
  25  2:08  Probe  
  26  2:21  Probe  
  27  2:25  Adept (Chrono Boost)  
  27  2:27  Twilight Council  
  29  2:33  Probe  
  30  2:45  Probe  
  31  2:53  Gateway  
  31  2:57  Probe  
  31  3:07  Blink (Chrono Boost)  
  31  3:09  Probe  
  32  3:17  Probe  
  31  3:23  Robotics Facility  
  31  3:24  Probe  
  30  3:29  Probe  
  31  3:36  Probe  
  32  3:41  Probe  
  32  3:47  Stalker x2  
  32  3:48  Probe  
  38  3:54  Gateway, Probe  
  39  4:00  Probe  
  40  4:06  Warp Prism (Chrono Boost)  
  41  4:14  Pylon  
  41  4:15  Stalker  
  44  4:17  Stalker  
  46  4:26  Pylon  
  46  4:32  Probe x2  
  48  4:39  Stalker  
  48  4:41  Stalker  
  48  4:42  Observer  
  48  4:44  Probe x2  
  55  4:48  Assimilator  
  55  4:56  Probe  
  55  4:58  Pylon  
  57  5:06  Stalker x2  
  61  5:08  Stalker  
  61  5:31  Probe  
  57  5:35  Stalker x2  
  57  5:38  Probe  
  60  5:43  Probe  
  60  5:44  Robotics Bay  
  59  5:56  Probe  
  56  5:58  Nexus  
  56  6:00  Probe  
  56  6:02  Observer (Chrono Boost)  
  58  6:07  Charge (Chrono Boost)  
  58  6:08  Probe  
  59  6:12  Gateway, Probe  
  60  6:20  Probe  
  60  6:24  Probe  
  60  6:25  Zealot x3  
  64  6:32  Probe  
  69  6:36  Probe  
  69  6:37  Pylon  
  70  6:40  Pylon  
  70  6:52  Extended Thermal Lance, Gateway, Colossus (Chrono Boost)  
  70  6:55  Gateway, Probe x2  
  70  6:56  Gateway  
  70  6:58  Stalker  
  78  7:07  Probe x2, Stalker  
  81  7:11  Probe  
  82  7:17  Sentry  
  82  7:19  Probe x2  
  86  7:23  Probe  
  86  7:25  Gateway  
  86  7:27  Stalker  
  82  7:40  Pylon  
  82  7:43  Colossus (Chrono Boost)  
  82  7:50  Probe x3  
  91  7:53  Pylon  
  91  8:00  Sentry  
  91  8:02  Shield Battery, Probe  
  94  8:08  Shield Battery  
  92  8:14  Zealot  
  92  8:15  Zealot x4  
  96  8:21  Shield Battery  
  96  8:23  Shield Battery  
  96  8:24  Stalker  
  96  8:25  Stalker  
  100  8:36  Zealot x5  
  108  8:55  Zealot x2  
  83  9:03  Zealot x5  
  83  9:09  Colossus (Chrono Boost)  
  79  9:17  Stalker x2  
  79  9:21  Sentry  
  79  9:22  Shield Battery, Stalker x2  
  89  9:26  Observer  
  89  9:40  Stalker x2  
  89  9:41  Zealot x3, Stalker x2  
  89  9:42  Probe  
  89  9:44  Probe  
  105  9:54  Observer, Shield Battery  
  105  9:58  Observer  
  105  10:02  Forge  
  111  10:12  Probe x3  
  111  10:13  Assimilator  
  111  10:14  Pylon  
  114  10:17  Zealot  
  116  10:24  Probe  
  110  10:33  Zealot x6  
  109  10:54  Zealot x7  
  109  10:55  Pylon  
  109  10:56  Pylon  
  121  10:58  Pylon  
  121  11:02  Pylon  
  121  11:03  Pylon  
  117  11:15  Zealot x6  
Show
View Real Time Build Order
Export as new Build Order

BattleB Terran 

Build Orders:  

Get SALT Encoding   

  12  0:00  SCV  
  13  0:12  SCV  
  14  0:17  Supply Depot  
  14  0:24  SCV  
  15  0:38  SCV  
  15  0:39  Barracks  
  16  0:42  Refinery  
  16  0:51  SCV  
  17  1:03  SCV  
  18  1:15  SCV  
  19  1:27  Orbital Command, Marine  
  20  1:41  Command Center  
  20  1:51  Factory  
  20  1:54  SCV  
  21  2:01  Barracks Reactor  
  21  2:04  Refinery  
  21  2:06  SCV  
  22  2:14  Supply Depot  
  22  2:18  SCV  
  23  2:35  SCV  
  23  2:36  Hellion  
  26  2:38  Marine  
  26  2:39  Marine  
  26  2:42  Starport  
  28  2:47  SCV  
  29  2:56  Marine  
  29  2:57  Marine  
  31  3:04  SCV  
  31  3:06  Widow Mine  
  32  3:15  Orbital Command  
  32  3:17  SCV  
  33  3:26  Medivac  
  35  3:27  Widow Mine  
  35  3:30  SCV  
  35  3:32  Marine  
  35  3:34  Marine  
  40  3:42  SCV  
  40  3:44  SCV  
  42  3:48  Supply Depot  
  42  3:51  Factory Tech Lab  
  42  3:54  SCV, Marine x2  
  45  3:56  SCV  
  45  3:59  Starport Tech Lab  
  46  4:07  SCV  
  46  4:08  SCV  
  46  4:10  Siege Tank  
  46  4:12  Bunker, Supply Depot  
  49  4:18  Raven  
  49  4:19  SCV  
  49  4:20  SCV  
  49  4:21  Interference Matrix  
  53  4:27  Barracks  
  53  4:31  SCV  
  54  4:33  SCV  
  54  4:34  Marine  
  54  4:35  Marine  
  54  4:36  Supply Depot  
  57  4:43  Barracks  
  57  4:45  SCV x2  
  58  4:49  Siege Tank  
  62  4:53  Engineering Bay  
  62  4:57  Marine x2, Refinery  
  65  5:00  SCV  
  65  5:01  SCV  
  65  5:04  Supply Depot  
  66  5:07  Supply Depot  
  66  5:14  SCV x2  
  65  5:15  Marine  
  65  5:16  Marine  
  65  5:17  Marine  
  65  5:27  SCV  
  65  5:28  SCV  
  65  5:32  Siege Tank, Banshee  
  65  5:40  Marine x3  
  65  5:42  Terran Infantry Weapons Level 1  
  68  5:47  Supply Depot  
  68  5:48  SCV x2  
  65  5:58  Marine x2  
  65  6:00  SCV x2  
  69  6:11  Refinery  
  69  6:13  Supply Depot  
  69  6:14  SCV x2  
  69  6:15  Stimpack, Marine  
  69  6:17  Factory Reactor  
  72  6:20  Marine x2  
  72  6:21  Starport Reactor  
  72  6:30  SCV x2  
  72  6:31  Supply Depot  
  74  6:35  Marauder  
  74  6:39  Marine x2  
  77  6:40  Combat Shield, Marauder  
  77  6:41  Barracks x2  
  80  6:49  SCV x2  
  84  6:56  Marauder  
  84  6:59  Medivac x2  
  92  7:02  Marine  
  92  7:03  Marine  
  89  7:09  Marauder  
  89  7:14  Factory Tech Lab  
  91  7:17  Marauder  
  91  7:20  Marine x2  
  91  7:22  Supply Depot x2  
  93  7:29  Viking x2  
  97  7:31  Marauder  
  97  7:33  Barracks Tech Lab  
  97  7:34  Barracks Tech Lab  
  97  7:35  Siege Tank  
  99  7:39  Marine, Marauder  
  99  7:40  Marine  
  103  7:44  Supply Depot  
  103  7:45  Terran Infantry Armor Level 1, Supply Depot  
  103  7:52  Marauder  
  103  7:55  Marauder x2  
  103  7:57  Marine x2  
  111  8:00  Marauder  
  113  8:06  Viking  
  115  8:13  Marine  
  115  8:14  SCV x2  
  115  8:16  Marine x2  
  108  8:20  Marine  
  108  8:26  Marauder x2  
  113  8:27  Siege Tank  
  113  8:30  SCV x2  
  118  8:39  Marine x2  
  118  8:40  Viking, Marauder x2  
  126  8:51  Marine  
  126  8:52  Marauder  
  96  9:05  Siege Tank  
  96  9:06  Marauder, Marine  
  96  9:07  Marauder, Marine  
  96  9:09  Marine  
  89  9:13  Marauder  
  89  9:15  Viking  
  88  9:23  Viking, Marine  
  91  9:27  Marauder  
  91  9:29  Marine  
  91  9:31  Marauder x2  
  98  9:35  Marauder  
  90  9:41  Marine  
  90  9:43  Siege Tank  
  94  9:47  Marine  
  99  9:52  Marauder  
  99  9:53  Marauder x2  
  99  9:59  Viking  
  103  10:00  Marine x2  
  103  10:04  Marine  
  106  10:12  Medivac  
  106  10:13  Marine  
  106  10:14  Marine  
  110  10:23  Marauder, Marine  
  110  10:25  Marine  
  109  10:32  Marauder, Marine  
  109  10:35  Marine  
  108  10:41  Marine  
  102  10:43  Marine  
  102  10:44  Marine  
  102  10:49  Marine  
  101  10:52  Marine  
  101  10:53  Marine  
  103  10:58  Marine  
  103  11:01  Marine  
Tags
 
Add a new tag
Caveats
  • Supply blocks, unpowered buildings, or Contaminate may cause inaccurate times.
  • Supply counts are checked every 10 seconds.